Map: [ESL] Alcyone

Players

Classic - Winner!

  • Race: Protoss Protoss
  • Spawn Location: 7:00

ONSYDESolar (Solar)

  • Race: Zerg Zerg
  • League: Master
  • Spawn Location: 1:00

VOD

Have the link to the VOD?

Description

Time

  • Played on: Nov. 21, 2023, 6:27 a.m.
  • Length: 9:17
Show
View Real Time Build Order
Export as new Build Order

Classic Protoss - Winner!

Build Orders: 1 Gate Expand, Dark Templar Rush 

Get SALT Encoding   

  12  0:00  Probe  
  13  0:14  Pylon  
  13  0:17  Probe (Chrono Boost)  
  14  0:27  Probe (Chrono Boost)  
  15  0:32  Probe (Chrono Boost)  
  16  0:38  Gateway  
  16  0:44  Probe  
  16  0:49  Assimilator  
  17  0:56  Probe  
  18  1:08  Probe  
  19  1:25  Cybernetics Core  
  19  1:31  Nexus  
  19  1:34  Probe  
  20  1:41  Pylon  
  20  1:46  Probe  
  21  1:50  Assimilator  
  21  1:58  Adept (Chrono Boost), Probe  
  24  2:05  Warp Gate  
  24  2:10  Probe  
  25  2:18  Adept (Chrono Boost)  
  28  2:22  Probe  
  28  2:28  Pylon  
  28  2:35  Twilight Council, Pylon  
  28  2:40  Probe  
  28  2:42  Adept  
  31  2:46  Probe  
  32  2:53  Probe  
  33  2:58  Probe  
  34  3:05  Probe  
  34  3:10  Probe  
  36  3:18  Probe  
  35  3:20  Resonating Glaives (Chrono Boost)  
  35  3:23  Adept, Probe  
  38  3:29  Gateway  
  38  3:30  Probe  
  39  3:35  Probe (Chrono Boost)  
  39  3:38  Gateway  
  39  3:40  Dark Shrine  
  40  3:47  Probe (Chrono Boost)  
  42  3:50  Gateway  
  42  3:51  Probe (Chrono Boost)  
  42  3:55  Probe (Chrono Boost)  
  42  3:58  Probe (Chrono Boost)  
  42  3:59  Pylon  
  42  4:01  Adept  
  46  4:05  Assimilator  
  46  4:07  Probe  
  46  4:09  Probe  
  48  4:12  Assimilator  
  48  4:19  Probe  
  48  4:21  Probe  
  48  4:23  Adept  
  48  4:24  Adept  
  54  4:28  Pylon  
  54  4:32  Adept  
  54  4:34  Probe x2  
  58  4:44  Stalker  
  60  4:54  Dark Templar x3  
  66  5:08  Probe  
  66  5:09  Pylon  
  66  5:11  Pylon  
  63  5:15  Dark Templar  
  59  5:28  Adept x3  
  63  5:35  Gateway, Blink  
  63  5:39  Gateway  
  63  5:42  Gateway  
  63  5:55  Pylon  
  61  6:06  Adept x4  
  61  6:10  Pylon  
  67  6:27  Nexus  
  63  6:42  Adept x7  
  73  6:49  Probe x2  
  73  6:50  Pylon  
  75  7:06  Stalker x7  
  77  7:32  Stalker x7  
  77  7:36  Probe  
  77  7:37  Probe  
  93  7:40  Probe  
  90  7:50  Probe x2  
  92  7:52  Probe  
  93  7:58  Sentry  
  93  7:59  Stalker x2, Sentry x3  
  93  8:00  Stalker  
  93  8:02  Probe  
  93  8:04  Pylon  
  108  8:07  Pylon  
  109  8:12  Probe  
  109  8:13  Probe  
  110  8:24  Adept x6  
  110  8:26  Adept  
  124  8:34  Robotics Facility  
  123  8:37  Probe x2  
  123  8:38  Probe  
  126  8:43  Pylon  
  126  8:44  Pylon  
  124  8:56  Stalker  
  124  8:57  Stalker x4  
  122  9:04  Stalker x2  
Show
View Real Time Build Order
Export as new Build Order

ONSYDESolar Zerg 

Build Orders: Hatch First 

Get SALT Encoding   

  12  0:00  Drone  
  13  0:12  Overlord  
  13  0:17  Drone  
  14  0:31  Drone x2  
  16  0:50  Hatchery  
  16  0:52  Drone  
  16  0:56  Drone  
  17  0:59  Drone  
  18  1:10  Extractor  
  17  1:15  Spawning Pool  
  17  1:17  Drone  
  17  1:22  Drone  
  18  1:30  Drone  
  19  1:40  Drone  
  20  1:51  Overlord  
  20  2:02  Queen x2  
  20  2:07  Zergling x2  
  25  2:10  Zergling x2  
  25  2:14  Zergling x2  
  27  2:18  Metabolic Boost  
  27  2:23  Drone x2  
  27  2:26  Drone  
  30  2:32  Zergling x2  
  30  2:36  Drone  
  31  2:50  Hatchery  
  29  2:51  Zergling x2  
  30  2:59  Queen  
  30  3:03  Zergling x4  
  33  3:06  Overlord  
  33  3:09  Drone  
  33  3:11  Drone  
  32  3:20  Drone x2  
  32  3:26  Drone x2  
  36  3:29  Drone x2  
  39  3:34  Zergling x2  
  39  3:37  Queen  
  41  3:42  Queen  
  41  3:46  Spore Crawler  
  42  3:49  Overlord  
  42  3:54  Overlord  
  42  3:55  Drone  
  43  4:00  Roach Warren  
  43  4:01  Extractor  
  42  4:02  Drone  
  42  4:05  Drone  
  42  4:07  Drone  
  42  4:08  Drone  
  45  4:13  Drone x2  
  45  4:16  Drone  
  48  4:17  Spore Crawler  
  48  4:18  Zergling x2  
  48  4:23  Drone x2  
  48  4:24  Drone  
  51  4:27  Zergling x4  
  51  4:31  Overlord  
  53  4:34  Drone  
  54  4:39  Roach x3  
  54  4:43  Roach  
  54  4:45  Roach  
  64  4:48  Roach  
  64  4:51  Zergling x4  
  68  4:58  Zergling x8  
  72  5:01  Spore Crawler  
  72  5:04  Overlord  
  68  5:10  Overlord  
  68  5:12  Drone  
  63  5:16  Spore Crawler  
  63  5:20  Roach x2  
  65  5:22  Spore Crawler  
  65  5:24  Roach  
  65  5:25  Drone  
  65  5:26  Drone  
  68  5:35  Lair  
  68  5:36  Drone x2  
  68  5:39  Drone x2  
  69  5:44  Drone x2  
  68  5:52  Drone x2  
  68  5:54  Drone  
  70  5:57  Overlord  
  70  6:01  Overlord  
  69  6:07  Overlord  
  69  6:09  Drone  
  69  6:10  Drone  
  72  6:11  Drone  
  71  6:21  Drone  
  71  6:25  Roach x2  
  76  6:28  Roach  
  76  6:29  Hatchery  
  74  6:34  Roach  
  74  6:39  Zergling x4  
  73  6:46  Roach x2  
  75  6:48  Glial Reconstitution  
  75  6:52  Drone  
  75  6:53  Drone  
  77  6:54  Drone  
  78  7:03  Zergling x8  
  81  7:08  Roach  
  81  7:15  Roach x2  
  78  7:24  Roach  
  78  7:25  Roach  
  78  7:28  Drone x2  
  77  7:30  Drone  
  77  7:32  Drone  
  77  7:35  Drone  
  79  7:38  Drone  
  79  7:44  Drone x3  
  83  7:46  Drone  
  84  7:54  Zergling x8  
  84  7:56  Zergling x2  
  89  7:59  Zergling x2  
  89  8:00  Overseer  
  89  8:03  Zergling x4  
  89  8:05  Ravager  
  93  8:06  Ravager  
  93  8:12  Zergling x2  
  94  8:17  Ravager  
  94  8:18  Zergling x10  
  100  8:22  Zergling x2  
  100  8:25  Zergling x8  
  103  8:28  Overlord  
  103  8:31  Ravager  
  103  8:33  Roach  
  105  8:36  Overlord  
  105  8:39  Overlord  
  105  8:47  Roach x2  
  105  8:48  Roach  
  102  8:49  Zergling x4  
  102  8:51  Roach  
  102  8:53  Zergling x6  
Tags
 
Add a new tag
Caveats
  • Supply blocks, unpowered buildings, or Contaminate may cause inaccurate times.
  • Supply counts are checked every 10 seconds.